Map: [ESL] Gresvan

Players

Solar

  • Race: Zerg Zerg

herO - Winner!

  • Race: Protoss Protoss

Event: IEM Katowice 2023

VOD

Have the link to the VOD?

Description

Time

  • Played on: Feb. 9, 2023, 10:53 a.m.
  • Length: 7:02

All games in this series

Show
View Real Time Build Order
Export as new Build Order

Solar Zerg 

Build Orders: Hatch First 

Get SALT Encoding   

  12  0:00  Drone  
  13  0:13  Overlord  
  13  0:17  Drone  
  14  0:32  Drone x2  
  16  0:49  Hatchery  
  15  0:51  Drone  
  15  0:55  Drone  
  17  0:58  Drone  
  18  1:10  Extractor  
  17  1:14  Spawning Pool  
  17  1:18  Drone  
  17  1:21  Drone  
  18  1:28  Drone  
  19  1:39  Drone  
  20  1:50  Overlord  
  20  2:00  Queen  
  20  2:01  Queen  
  22  2:02  Zergling x4  
  26  2:13  Metabolic Boost  
  26  2:14  Drone  
  27  2:16  Drone  
  28  2:23  Drone x2  
  30  2:38  Hatchery  
  29  2:44  Queen  
  29  2:47  Drone  
  29  2:51  Overlord  
  32  2:55  Zergling x2  
  32  2:56  Drone  
  34  2:58  Drone  
  34  3:00  Drone  
  36  3:12  Queen, Spore Crawler  
  35  3:14  Drone  
  35  3:18  Drone x4  
  42  3:21  Zergling x2  
  42  3:25  Overlord  
  42  3:27  Zergling x2  
  44  3:37  Overlord  
  44  3:43  Queen  
  44  3:44  Zergling x2  
  44  3:48  Drone x3  
  49  3:53  Drone x4  
  51  3:57  Queen  
  51  3:59  Drone  
  54  4:03  Spore Crawler  
  54  4:06  Zergling x4  
  55  4:10  Drone x2  
  55  4:13  Spore Crawler  
  55  4:16  Overlord  
  56  4:18  Drone x2  
  56  4:20  Drone  
  56  4:22  Drone  
  58  4:25  Drone x2  
  58  4:27  Drone x2  
  61  4:34  Evolution Chamber  
  61  4:35  Drone x2  
  61  4:36  Drone x2  
  64  4:42  Spore Crawler  
  64  4:43  Overlord  
  64  4:45  Lair  
  63  4:47  Drone  
  63  4:49  Extractor  
  63  4:51  Zergling x4  
  65  4:52  Extractor  
  65  4:54  Drone x2  
  65  4:56  Overlord  
  65  4:58  Drone x2  
  66  5:02  Drone x3  
  66  5:04  Drone x2  
  66  5:06  Drone x2  
  73  5:10  Extractor  
  72  5:15  Roach Warren  
  72  5:16  Drone  
  72  5:17  Extractor x2, Drone  
  72  5:19  Drone  
  72  5:22  Drone x2  
  72  5:23  Drone  
  72  5:25  Drone  
  72  5:27  Overlord  
  72  5:28  Overlord, Drone x2  
  76  5:33  Zergling x6  
  76  5:34  Zergling x2  
  81  5:36  Overlord  
  81  5:39  Drone  
  82  5:45  Overseer  
  82  5:49  Spire  
  81  5:50  Overlord  
  81  5:52  Drone  
  81  5:54  Drone x3  
  81  5:56  Drone  
  85  5:57  Zergling x6  
  85  5:59  Overlord  
  85  6:02  Overlord  
  85  6:04  Overlord  
  88  6:05  Drone x2  
  88  6:09  Overlord  
  88  6:11  Queen  
  90  6:18  Overlord  
  87  6:23  Zergling x4  
  87  6:24  Zergling x4  
  87  6:33  Overlord  
  87  6:35  Hatchery  
  87  6:36  Drone x2  
  88  6:40  Roach x4  
  88  6:41  Roach  
  88  6:44  Extractor  
  88  6:46  Extractor  
  99  6:51  Evolution Chamber  
Show
View Real Time Build Order
Export as new Build Order

herO Protoss - Winner!

Build Orders: 1 Gate Expand, Oracle Opening 

Get SALT Encoding   

  12  0:00  Probe  
  13  0:14  Pylon  
  13  0:17  Probe (Chrono Boost)  
  14  0:26  Probe (Chrono Boost)  
  15  0:31  Probe (Chrono Boost)  
  16  0:41  Gateway  
  16  0:43  Probe  
  16  0:47  Assimilator  
  17  0:55  Probe  
  18  1:08  Probe  
  19  1:20  Probe  
  20  1:26  Nexus  
  20  1:35  Cybernetics Core  
  20  1:38  Probe  
  21  1:44  Assimilator  
  21  1:50  Probe  
  21  1:54  Pylon  
  22  2:02  Probe  
  23  2:09  Adept (Chrono Boost)  
  23  2:14  Probe  
  26  2:17  Stargate  
  26  2:26  Probe (Chrono Boost), Warp Gate  
  27  2:31  Adept  
  29  2:38  Probe (Chrono Boost)  
  29  2:39  Probe (Chrono Boost)  
  31  2:47  Probe x2 (Chrono Boost)  
  33  2:52  Probe (Chrono Boost)  
  33  2:53  Probe  
  35  3:01  Adept  
  35  3:02  Oracle (Chrono Boost)  
  40  3:07  Probe x2  
  42  3:12  Pylon  
  42  3:19  Probe x2  
  44  3:25  Gateway  
  44  3:31  Oracle (Chrono Boost)  
  44  3:32  Probe x2  
  49  3:49  Nexus  
  49  3:54  Probe x2  
  49  3:55  Pylon  
  51  4:01  Pylon  
  51  4:05  Oracle (Chrono Boost)  
  54  4:13  Assimilator  
  54  4:14  Pylon, Assimilator  
  54  4:19  Probe x2  
  54  4:22  Stalker  
  54  4:27  Adept  
  54  4:31  Probe x2  
  58  4:37  Twilight Council  
  58  4:43  Probe x2  
  60  4:50  Gateway, Oracle  
  60  4:51  Gateway  
  63  4:55  Probe x2  
  65  5:00  Adept x2  
  65  5:01  Probe  
  70  5:07  Gateway  
  70  5:08  Charge (Chrono Boost)  
  70  5:14  Gateway  
  70  5:21  Gateway  
  70  5:24  Probe x3  
  73  5:29  Oracle (Chrono Boost)  
  76  5:37  Probe x3  
  76  5:40  Zealot x2  
  83  5:46  Pylon  
  83  5:48  Zealot  
  85  5:51  Pylon  
  85  5:54  Oracle  
  85  6:04  Pylon, Probe x3  
  85  6:06  Zealot  
  85  6:09  Zealot x2  
  85  6:10  Zealot  
  99  6:14  Zealot  
  104  6:27  Pylon x2  
  104  6:30  Zealot x4  
  109  6:37  Forge  
  109  6:45  Probe x3  
  109  6:46  Zealot x3  
  121  6:50  Zealot x2  

Tags
 
Add a new tag
Caveats
  • Supply blocks, unpowered buildings, or Contaminate may cause inaccurate times.
  • Supply counts are checked every 10 seconds.